AoeStats
← xlalox corona

Glade

503340549Analyzed
1v1 RM · 1mo ago on Aug 31, 2026· 29m 33s· 2 players
Game mode
Random Map
Map size
Tiny (2 player)
Population
200
Speed
Normal
Resources
Standard
Victory
Conquest
Starting age
Dark Age
Ending age
Imperial Age
RankedLock teamsTeams togetherTeam positionsShared explorationLock speedFull tech treeHidden civsTurbo modeCheats
Victory
Defeat
🇲🇽 Magyars · Mexico
1642
+14
🇩🇪 Khitans · Germany
1598
-14
Calm Calamari
5:41 Loom
5:51 Loom
8:58 Feudal Age
9:44 Double-Bit Axe
10:24 Domestication
19:16 Scale Barding Armor
19:22 Forging
19:21 Scale Barding Armor
23:25 Arson
23:47 Man-at-Arms
26:30 Scale Mail Armor
29:02 Wheelbarrow
31:44 Castle Age
xlalox corona
6:09 Loom
9:14 Feudal Age
9:19 Man-at-Arms
17:37 Fletching
19:09 Double-Bit Axe
28:59 Castle Age
27:14 Horse Collar
29:54 Bodkin Arrow
30:20 Bow Saw
30:12 Heavy Plow
Connection lost

Rejoining the realm…

Still unreachable

The connection could not be restored.

Session expired

The server has moved on; the page needs a fresh start.